[Event "Paris FIDE GP"]
[Site "Elancourt"]
[Date "2013.09.22"]
[Round "1"]
[White "Nakamura, Hikaru"]
[Black "Tomashevsky, Evgeny"]
[Result "1/2-1/2"]
[ECO "D31"]
[WhiteElo "2772"]
[BlackElo "2706"]
[Annotator "Ramirez Alvarez,Alejandro"]
[PlyCount "59"]
[EventDate "2013.09.22"]
[EventType "tourn"]
[EventRounds "11"]
[EventCountry "FRA"]
[EventCategory "20"]
[SourceTitle "CBM 157"]
[Source "ChessBase"]
[SourceDate "2013.11.12"]
[SourceVersion "1"]
[SourceVersionDate "2013.11.12"]
[SourceQuality "1"]
[TimeControl "40/7200:20/3600:900+30"]
[WhiteClock "2:00:00"]
[BlackClock "2:00:00"]

1. d4 {[%emt 0:00:03] Wells,Peter K} d5 2. c4 e6 3. Nc3 c6 4. e4 dxe4 5. Nxe4 Bb4+ 6. Bd2 Qxd4 7. Bxb4 Qxe4+ 8. Be2 ({RR} 8. Ne2) 8... Na6 9. Bc3 ({RR} 9. Ba5 f6 ({RR} 9... b6 10. Qd6 bxa5 11. Rd1) 10. Qd8+ Kf7 11. O-O-O b6 12. Bc3 e5 13. Bh5+ g6 14. Bf3 Qf4+ ({RR} 14... Qxc4) 15. Rd2 Qxc4 16. Ne2 Qxa2 17. Rd6 Rb8 18. Rhd1 Be6 19. Rd7+ Bxd7 20. Rxd7+ Ke6 21. Rd6+ Kf7 22. Rd7+ Ke6 23. Bg4+ f5) ({RR} 9. Bd6 b6 10. Nf3 Bb7 11. O-O O-O-O 12. Ne5 Qf5 13. Bg4 Qf6 14. Bf3 Ne7 15. Bxe7 Qxe7 16. Qa4 Qc7 17. Nxc6 Bxc6 18. Qxa6+ Kb8) 9... f6 10. Qd6 {[%emt 0:22:15] Despite the fact that tis is a very sharp variation, there are still many lines that are almost completely unxplored. This one specifically has never been see in high level chess} ({RR} 10. Nf3 Ne7 11. O-O O-O 12. Re1 Ng6 13. b4 e5) ({RR} 10. Qd2 e5 11. f3 Qh4+ 12. g3 Qh6) 10... Nh6 $5 {[%emt 1:00:42] Tomashevsky must have foreseen the upcoming complications before playing this move.} ({RR} 10... Ne7 11. O-O-O ({RR} 11. Rd1 Kf7 12. Nf3 Ng6) 11... e5 ({RR} 11... Kf7 12. Qd2 e5 13. f3 Qg6 14. f4 e4 15. h3 h5 16. Bf1 Be6 17. b3 Nc5 18. Bb4 Rad8 19. Qxd8 Rxd8 20. Rxd8 Nd3+ 21. Rxd3 exd3 22. Bxe7 Kxe7 23. Nf3 Qe4) ({RR} 11... Ng6) 12. Bh5+ ({RR} 12. Qd8+ Kf7 13. Qxh8 Bf5 14. Bd3 Qxd3 ({RR} 14... Qf4+ 15. Bd2 Qd4 16. Be3 Qxd3 17. Rxd3 Rxh8 18. Rb3) 15. Rxd3 Rxh8 16. Rd1 ({RR} 16. Rd2 Nc5 17. Nf3 ({RR} 17. f3 Nd3+ 18. Kd1 Rd8 19. Ke2 Nf4+ 20. Kf1 Rxd2 21. Bxd2 Bd3+) 17... Ne4 18. Re2 Ng6 ({RR} 18... Nxc3 19. bxc3 Bd3 20. Rxe5 Bxc4 21. Re4) 19. Bd2 Nc5 20. Ne1 Nd3+ 21. Nxd3 Bxd3) 16... Nc5) 12... Ng6 ({RR} 12... g6 13. Qxf6 ({RR} 13. Bf3 Qf4+ 14. Rd2 ({RR} 14. Kb1 Bf5+ 15. Ka1 Kf7) 14... Kf7 15. b3 Nf5 16. Qa3 Qh6) 13... Bf5 14. Qxh8+ Kf7 15. Qxh7+ Kf8) 13. Qd8+ ({RR} 13. Bxg6+ hxg6 14. Qd8+ Kf7 15. Qxh8 Bf5) 13... Kf7 14. Rd7+ ({RR} 14. Qxh8 Bf5 15. Rd7+ Ke6) 14... Ke6 ({RR} 14... Bxd7 15. Qxd7+ Kf8 16. Qxb7 ({RR} 16. Nf3) ({RR} 16. Qd6+ Ke8 ({RR} 16... Kf7) ({RR} 16... Ne7 17. Qe6) 17. Qe6+ Kd8 ({RR} 17... Kf8) 18. Ne2 Nc5 19. Qd6+ Nd7 20. Rd1 Ngf8 21. Nd4 exd4 22. Re1 Qxe1+ 23. Bxe1) ({RR} 16. Ne2 Re8 17. Ng3 Qf4+ 18. Kb1 Qxc4 19. Nf5 Qf7) 16... Rd8 17. Qxa6 Qf4+ 18. Kc2 Qf5+) 15. Rd6+ Kf7 16. Rd7+ Ke6 17. Rd6+ Kf7 {½-½ (17) Gurevich,M (2688)-Vallejo Pons,F (2559) Dos Hermanas 2001 CBM 083 [Wells,Peter K]}) ({RR} 10... Bd7 11. O-O-O O-O-O 12. Qg3 g5 ({RR} 12... Qg6 13. Qe3 b6 ({RR} 13... Qh6 14. f4 c5 15. Nf3 e5 16. g3 Ne7) 14. Nh3 Qh6 15. f4 Ne7 16. g4 e5 17. Bd2 Nc5 18. Qa3 e4 19. Nf2 Kb7 20. f5 Qh4 21. Be3 Nd3+ 22. Nxd3 exd3 23. Rxd3 Nxf5 24. Rhd1) 13. Bd3 Qf4+ 14. Qxf4 gxf4 15. g3 fxg3 16. hxg3 e5 17. Rxh7 Rxh7 18. Bxh7 Be6 19. Rxd8+ Kxd8 20. b3) ({RR} 10... e5 11. Rd1 Qf5 12. Qd8+ Kf7 13. c5 Nxc5 14. Bc4+ Ne6 15. Ne2 Qe4 16. Rd7+ Bxd7 17. Qxd7+ Ne7 18. Qxe6+ Ke8 19. O-O) 11. Bxf6 $5 (11. O-O-O Nf7 {[%cal Gf7d6] and white has no time for f6} 12. Qg3 $44) ({RR} 11. O-O-O Nf7 12. Qg3 Qg6 13. Nf3) ({RR} 11. Rd1 Nf7 12. Qa3 e5) ({RR} 11. O-O-O Nf7 12. Qg3 Qg6 13. Bd3 Qxg3 14. hxg3 h6 15. f4 Bd7 16. Bg6 Rf8 17. Nf3 O-O-O 18. g4 Nh8 19. Bb1 Nc7 20. Bb4 Rfe8 21. Rde1 b6 22. g5 hxg5 23. fxg5 c5 24. Bc3 e5 25. gxf6 gxf6 {Ilinca,F (2431)-Pranesh,M (2592) Brasov ROU 2025 ½-½ (34)}) 11... gxf6 12. O-O-O (12. Rd1 $4 Nf7) 12... Qg6 $146 (12... Nf7 13. Bh5 {[%csl Re8,Rf7][%cal Gh5e8] and Black gets promptly mated, so he cannot do this.}) (12... Rg8 13. Bh5+ Rg6 14. Qd8+ Kf7 15. Qh8 {Gives White a decisive attack. This last move is key in the variation}) ({RR} 12... Rg8 13. Bh5+ Rg6 14. Qd8+ Kf7 15. Qh8 Qf4+ 16. Rd2 Qxc4+ 17. Kb1 Qe4+ 18. Ka1 Nf5 19. Qxh7+ Ng7 20. Nf3 e5 21. Re1 {1-0 (21) Llanos,G (2410)-Adla,D (2440) Villa Gesell 1996}) 13. Qd8+ Kf7 14. Qxh8 {[%emt 0:00:06] White now has more material, but it is also he that comes under a swift attack.} Nb4 15. Bh5 {[%emt 0:00:10] The only move to stop the threat of Qc2 mate} Nxa2+ 16. Kd2 Qxh5 17. Qxh7+ Kf8 18. Qh8+ Kf7 19. Qh7+ Kf8 20. Nf3 {[%emt 0:46:07] White again is down material and his king is on d2, but he senses he has the opportunity to keep attacking as Black's king is still weak and Black's pieces are very discoordinated.} e5 21. Ke1 (21. h3 $5 {This is an absolutely amazing computer move, though the point is simple. g4 is threatened and Black must react appropiately. e4 only move} e4 $8 22. Kc2 $1 {The king ends up being better going back to the kingside, despite e1 being visually a safer position} Be6 $1 (22... Nb4+ 23. Kb3 Be6 24. Nd4 $1 Bf7 25. Qh8+ Ng8 26. Qxh5 Bxh5 27. Kxb4 Bxd1 28. Rxd1 {[%csl Ra8,Gd1,Rg8,Gh3][%cal Gh3h8] and the endgame heavily favors White as his pieces are much more active and he has a passed pawn on the kingside}) 23. g4 Nb4+ 24. Kc1 Qa5 (24... Qc5 $13 {is probably even better.}) 25. Qxh6+ Ke7 $13 {And White is again up an exchange, but Black isn't out of the game yet and anything can happen.}) 21... Bg4 22. h3 e4 23. Nd4 (23. Qh8+ Ng8 24. hxg4 Qxh8 25. Rxh8 exf3 {is not better for White.}) 23... Re8 24. Qh8+ Kf7 25. Qh7+ Kf8 26. Ra1 $6 e3 (26... Nb4 $5 {would have put Nakamura's last move to question. Suddenly Black doesn't want to agree to a perpetual and wants to use his extra material.}) 27. Qh8+ Kf7 28. Qh7+ Kf8 29. Qh8+ Kf7 30. Qh7+ {[%emt 0:00:02] not a perfect game, but a very exciting one with possibilities for both sides. A great start to the Paris Grand Prix!} 1/2-1/2

[Event "Tata Steel-A 79th"]
[Site "Wijk aan Zee"]
[Date "2017.01.21"]
[Round "7"]
[White "Andreikin, Dmitry"]
[Black "Harikrishna, Pentala"]
[Result "1/2-1/2"]
[ECO "D31"]
[WhiteElo "2736"]
[BlackElo "2766"]
[Annotator "ChessBase II"]
[PlyCount "85"]
[EventDate "2017.01.14"]
[EventType "tourn"]
[EventRounds "13"]
[EventCountry "NED"]
[EventCategory "21"]
[SourceTitle "CBM 177"]
[Source "ChessBase"]
[SourceDate "2017.03.16"]
[SourceVersion "1"]
[SourceVersionDate "2017.03.16"]
[SourceQuality "1"]
[TimeControl "40/6000+30:20/3000+30:900+30"]

1. c3 e5 2. d4 exd4 3. cxd4 d5 4. Nc3 c6 5. Bf4 Bd6 6. Bg3 Ne7 7. e3 Nf5 (7... O-O 8. Nf3 Bg4 9. Qb3 Bxf3 10. gxf3 b5 11. a4 b4 12. Ne2 a5 13. Rc1 Na6 14. Bh3 c5 15. dxc5 Nxc5 16. Qd1 b3 17. O-O Rb8 18. Nc3 Bxg3 19. hxg3 Rb4 20. Nxd5 Nxd5 21. Rxc5 Nb6 22. Rxa5 Nxa4 23. Rd5 Qf6 24. Qd2 Rc4 25. Qd3 Rb4 26. Rb1 g6 27. e4 Nb6 28. Rb5 Rd4 29. e5 Rxd3 30. exf6 Nd5 31. Bf1 Rd2 32. Rxb3 Nxf6 33. Rd3 Rxd3 34. Bxd3 Rd8 35. Bf1 h5 36. b4 Rd6 37. b5 {Morozevich,A (2741)-Shirov,A (2713) Monte Carlo 2005 1-0}) 8. Bxd6 Nxd6 9. Bd3 Bf5 10. Bxf5 Nxf5 11. Qg4 g6 12. e4 $146 (12. h4 h5 13. Qf4 Qd6 14. Nge2 Nd7 15. Qxd6 Nxd6 16. Nf4 Nf6 17. Nd3 Nfe4 18. Rc1 Nxc3 19. Rxc3 f6 20. O-O Kf7 21. Rfc1 Rhe8 22. Nc5 Re7 23. g3 Rc8 {½-½ (23) Gaertner,G (2250)-Matlak,M (2440) Prague 1992}) ({RR} 12. h4 h5 13. Qf4 Qd6 14. Nge2 Nd7 15. Qxd6 Nxd6 16. Nf4 Nf6 17. Nd3 Nfe4 18. Rc1 Nxc3 19. Rxc3 f6 20. O-O Kf7 21. Rfc1 Rhe8 22. Nc5 Re7 23. g3 Rc8 {½-½ (23) Gaertner,G (2250)-Matlak,M (2440) Prague 1992}) 12... dxe4 13. Qxe4+ Ne7 14. h4 O-O 15. h5 Nd5 16. Nge2 Re8 17. Qf3 Qf6 18. hxg6 fxg6 19. Qh3 Qf7 20. O-O-O Nd7 21. Nxd5 cxd5 22. Nc3 Nb6 23. Rd3 Re7 24. Rf3 Qg7 25. Re3 Rf8 26. Qh4 Rxe3 27. fxe3 Qd7 28. e4 dxe4 29. Qxe4 Re8 30. Qd3 Nd5 31. Kb1 Qe6 32. a3 Nxc3+ 33. Qxc3 Qe4+ 34. Ka2 Qd5+ 35. Ka1 Qxg2 36. Qb3+ Kh8 37. Rd1 Qe2 38. d5 Re3 39. Qa4 Re4 40. Qb3 Re3 41. Qa4 Re4 42. Qb3 Re3 43. Qa4 1/2-1/2